 Dungeon Crawl Stone Soup version 0.30-a0-585-g93115170b9 (webtiles) character file.

Game seed: 11295754955176569010

10615 bobo the Thaumaturge (level 11, -13/62 HPs)
             Began as a Deep Elf Fire Elementalist on Jan 2, 2023.
             Was a Believer of Vehumet.
             Engulfed by a cloud of flame (30 damage)
             ... on level 11 of the Dungeon.
             The game lasted 00:33:23 (12481 turns).

bobo the Thaumaturge (Deep Elf Fire Elementalist)  Turns: 12481, Time: 00:33:24

Health: -13/62     AC:  6    Str:  5    XL:     11   Next: 38%
Magic:  14/28      EV: 20    Int: 25    God:    Vehumet [**....]
Gold:   775        SH:  6    Dex: 15    Spells: 16/32 levels left

rFire   . . .      SeeInvis .    w - +1 short sword (freeze)
rCold   . . .      Faith    .    y - +0 buckler
rNeg    + . .      Spirit   .    h - +2 robe {rN+}
rPois   +          Reflect  .    P - +0 helmet
rElec   .          Harm     .    (no cloak)
rCorr   .          Rampage  .    (no gloves)
Will    +....                    l - +0 pair of boots
Stlth   +++                      (no amulet)
HPRegen 0.30/turn                M - ring of poison resistance
MPRegen 0.21/turn                B - +5 ring of evasion

@: about to teleport, slowed, very slow
A: no striking features
a: Renounce Religion


You were on level 11 of the Dungeon.
You worshipped Vehumet.
Vehumet was pleased with you.
You visited 2 branches of the dungeon, and saw 13 of its levels.
You also visited: Sewer.

You collected 775 gold pieces.

Inventory:

Hand Weapons
 k - a +0 dagger of protection
 w - a +1 short sword of freezing (weapon)
Missiles
 G - 2 throwing nets
Armour
 h - a +2 robe of positive energy (worn)
 l - a +0 pair of boots (worn)
 y - a +0 buckler (worn)
 P - a +0 helmet (worn)
Magical Staves
 x - a staff of air
Jewellery
 a - a ring of protection from fire
 B - a +5 ring of evasion (right hand)
 J - a +6 ring of dexterity
 K - an amulet of faith
 M - a ring of poison resistance (left hand)
Wands
 q - a wand of flame (25)
 F - a wand of acid (19)
Scrolls
 c - 4 scrolls of magic mapping
 f - 2 scrolls of enchant weapon
 g - a scroll of fear {unknown}
 i - 5 scrolls of enchant armour
 n - a scroll of brand weapon {unknown}
 s - a scroll of amnesia {unknown}
 u - 3 scrolls of noise
 A - 5 scrolls of teleportation
 C - 3 scrolls of fog
 D - a scroll of butterflies {unknown}
 E - 4 scrolls of vulnerability
 I - 2 scrolls of immolation
 N - 3 scrolls of identify
 O - a scroll of blinking {unknown}
Potions
 b - 3 potions of magic
 d - 3 potions of degeneration {unknown}
 e - 7 potions of curing
 j - a potion of resistance {unknown}
 m - a potion of flight {unknown}
 o - a potion of haste {unknown}
 r - 2 potions of brilliance {unknown}
 t - 3 potions of might {unknown}
 v - 4 potions of heal wounds
 z - 4 potions of lignification {unknown}
 H - a potion of cancellation {unknown}
 L - 13 potions of ambrosia
Miscellaneous
 p - a piece from Xom's chessboard (15/15)


   Skills:
 + Level 4.8 Fighting
 + Level 7.4 Dodging
 - Level 5.0 Stealth
 + Level 6.1 Shields
 + Level 11.1 Spellcasting
 - Level 8.0 Conjurations
 - Level 5.0 Hexes
 - Level 8.0 Fire Magic
 + Level 3.7 Ice Magic


You had 16 spell levels left.
You knew the following spells:

 Your Spells              Type           Power      Damage    Failure   Level
a - Scorch                Fire           100%       2d10      1%          2
c - Hailstorm             Conj/Ice       43%        3d10      1%          3
d - Inner Flame           Hex/Fire       46%        N/A       1%          3
f - Freeze                Ice            100%       1d10      1%          1
p - Foxfire               Conj/Fire      100%       2x1d9     1%          1
q - Momentum Strike       Conj/Tloc      66%        3d9       1%          2
x - Flame Wave            Conj/Fire      52%        2d13      1%          4

Your spell library contained the following spells:

 Spells                   Type           Power      Damage    Failure   Level
 Poisonous Vapours        Pois/Air       26%        N/A       9%          2
 Tukima's Dance           Hex            38%        N/A       2%          3
 Kindle Blastsparks       Fire/Tloc/Air  54%        2d14      5%          3
 Portal Projectile        Hex/Tloc       52%        N/A       6%          3
 Summon Guardian Golem    Hex/Summ       26%        N/A       6%          3
 Ice Form                 Ice/Tmut       23%        N/A       26%         4
 Metabolic Englaciation   Hex/Ice        17%        N/A       26%         5
 Petrify                  Tmut/Erth      13%        N/A       50%         4
 Blade Hands              Tmut           6%         N/A       83%         5
 Orb of Destruction       Conj           26%        9d9       87%         7
 Simulacrum               Ice/Necr       11%        N/A       99%         6
 Statue Form              Tmut/Erth      8%         N/A       100%        6
 Spellforged Servitor     Conj/Summ      16%        N/A       100%        7


Dungeon Overview and Level Annotations

Branches:
Dungeon (12/15)            Temple (1/1) D:7           Sewer (visited)
   Lair: D:8-11         Orc: D:9-12

Altars:
Ashenzari
Dithmenos
Fedhas
Hepliaklqana
Makhleb
Nemelex Xobeh
Okawaru
Qazlal
Ru
Uskayaw
Vehumet
Wu Jian
Xom
Zin

Shops:
D:3 [   D:8 *


Message History

You finish channelling waves of flame.
The ogre hits you with a +0 giant spiked club!
Casting: Flame Wave (dangerous; 1% risk of failure)
Confirm with . or Enter, or press ? or * to list all spells.
Aiming: Inner Flame (safe; 1% risk of failure)
Press: ? - help, Dir - move target, f - ogre
Aim: an ogre, wielding a +0 giant spiked club (heavily wounded, chance to affect: 92%)
The ogre is filled with an inner flame.
An ogre comes into view. It is wielding a +0 giant club.
The ogre closely misses you.
As you read the scroll of teleportation, it crumbles to dust.
You feel strangely unstable. The ogre completely misses you.
The ogre misses you.
Casting: Inner Flame (safe; 1% risk of failure)
Confirm with . or Enter, or press ? or * to list all spells.
Flames lash the ogre.
The ogre is severely wounded.
The ogre's fire resistance burns away.
The ogre shouts!
The ogre barely misses you. The ogre completely misses you.
Casting: Scorch (safe; 1% risk of failure)
Confirm with . or Enter, or press ? or * to list all spells.
Flames lash the ogre.
Flame seeps out of the ogre.
The ogre is almost dead.
The ogre's fire resistance burns away.
You hear a shout! x2
The ogre is engulfed in blazing flames.
Vehumet accepts your kill.
The ogre explodes!
The fiery explosion engulfs the ogre!!
You kill the ogre!
Vehumet accepts your kill.
You feel your power returning.
The fiery explosion engulfs the ogre!!
The ogre is burned terribly!
You kill the ogre!
Vehumet accepts your kill.
You feel your power returning. The fiery explosion engulfs you!!
* * * LOW HITPOINT WARNING * * *
You are engulfed in blazing flames.
You die...

#. #. #. #. #.
#O#####.#
#§§§....#
###@# #.§§#
##'#######
#..††..†.#
#...†..††###
######
#†....[†.†.###
#.....
#^.......#...#
#.....
#....†.†.###.#
#.....
#........#
#.###.....


You could see an ogre.

Vanquished Creatures
  Erolcha (D:9)
  A two-headed ogre (D:10)
  Pikel (D:5)
  2 ugly things
  A cyclops (D:11)
  A gargoyle (D:10)
  A queen bee (D:11)
  A troll (D:10)
  A hornet (D:8)
  3 wyverns
  2 wraiths (D:11)
  6 yaks (D:10)
  4 vampire mosquitoes (D:7)
  2 orc warriors
  An ice beast (D:8)
  3 centaurs
  6 ogres
  2 lemures (D:5)
  3 phantoms
  4 kobold brigands
  A necrophage (D:6)
  4 bullfrogs
  2 scorpions
  2 gnoll sergeants
  6 wights
  31 killer bees
  A gnoll bouda (D:6)
  4 hounds
  2 jellies (D:5)
  Ijyb (D:3)
  2 orc priests (D:8)
  An iguana (D:5)
  3 orc wizards
  2 ogre zombies (D:11)
  25 gnolls
  16 adders
  3 river rats (D:4)
  A shadow imp (D:7)
  An ufetubus (D:5)
  3 worms
  16 orcs
  9 ball pythons
  6 endoplasms
  11 giant cockroaches
  6 goblins
  6 hobgoblins
  3 jackals (D:2)
  28 kobolds
  4 quokkas
  7 bats
  15 frilled lizards
  2 goblin zombies (D:11)
  8 orc zombies (D:11)
  3 rats
  A butterfly (D:3)
282 creatures vanquished.

Vanquished Creatures (others)
  755 foxfires
755 creatures vanquished.

Grand Total: 1037 creatures vanquished

Notes
Turn   | Place    | Note
-------+----------+-------------------------------------------
     0 | D:1      | bobo the Deep Elf Fire Elementalist began the quest for the
                  | Orb.
     0 | D:1      | Reached XP level 1. HP: 10/10 MP: 6/6
   117 | D:1      | You fall into a shaft and drop 1 floor!
   231 | D:1      | Reached XP level 2. HP: 15/15 MP: 1/8
   234 | D:1      | Learned a level 2 spell: Scorch
   888 | D:1      | Found a faded altar of an unknown god.
  1202 | D:2      | Reached XP level 3. HP: 19/19 MP: 2/10
  1206 | D:2      | Learned a level 3 spell: Inner Flame
  1378 | D:2      | Reached skill level 1 in Hexes
  1490 | D:2      | Reached XP level 4. HP: 24/24 MP: 6/11
  1570 | D:2      | Learned a level 4 spell: Flame Wave
  1663 | D:2      | Reached skill level 4 in Spellcasting
  2540 | D:3      | Found a shimmering altar of Xom.
  2561 | D:3      | Reached XP level 5. HP: 28/28 MP: 2/13
  2702 | D:3      | Found Loteokk's Armour Emporium.
  2709 | D:3      | Noticed Ijyb
  2714 | D:3      | Killed Ijyb
  3481 | D:4      | Found a glowing drain.
  3579 | Sewer    | Entered a sewer
  3781 | Sewer    | Reached XP level 6. HP: 32/32 MP: 11/14
  4392 | D:4      | Reached skill level 5 in Spellcasting
  4466 | D:4      | Found an ornate altar of the Wu Jian Council.
  4566 | D:4      | Reached skill level 5 in Stealth
  4566 | D:4      | Reached XP level 7. HP: 36/36 MP: 9/16
  4858 | D:4      | Reached skill level 5 in Fire Magic
  5047 | D:4      | Found a glowing silver altar of Zin.
  5102 | D:5      | Entered Level 5 of the Dungeon
  5219 | D:5      | Noticed Pikel
  5252 | D:5      | Killed Pikel
  5253 | D:5      | Reached skill level 1 in Shields
  5253 | D:5      | Reached skill level 6 in Spellcasting
  5253 | D:5      | Reached XP level 8. HP: 41/41 MP: 4/19
  5460 | D:5      | Reached skill level 5 in Hexes
  5874 | D:5      | Reached skill level 5 in Conjurations
  6365 | D:6      | Found a broken altar of Ashenzari.
  6377 | D:6      | Reached skill level 7 in Spellcasting
  6381 | D:6      | Learned a level 3 spell: Hailstorm
  6784 | D:6      | Found a large runed translucent door.
  6785 | D:6      | Found a large runed translucent door.
  7068 | D:6      | Found a shadowy altar of Dithmenos.
  7141 | D:6      | Found a hide-covered altar of Uskayaw.
  7404 | D:6      | Found a sacrificial altar of Ru.
  7439 | D:6      | Found a sparkling altar of Nemelex Xobeh.
  7488 | D:7      | Reached XP level 9. HP: 45/45 MP: 15/22
  7604 | D:7      | Reached skill level 8 in Spellcasting
  7825 | D:7      | Reached skill level 1 in Fighting
  7928 | D:7      | Found a staircase to the Ecumenical Temple.
  7938 | Temple   | Entered the Ecumenical Temple
  7944 | Temple   | Became a worshipper of Vehumet
  8820 | D:8      | Found a stormy altar of Qazlal.
  8876 | D:8      | Found Faqir's Assorted Antiques.
  9175 | D:8      | Reached skill level 9 in Spellcasting
  9345 | D:8      | Found a blossoming altar of Fedhas.
  9626 | D:9      | Reached XP level 10. HP: 54/54 MP: 10/25
 10027 | D:9      | Noticed Erolcha
 10065 | D:9      | Killed Erolcha
 10066 | D:9      | Reached skill level 5 in Dodging
 10388 | D:10     | Entered Level 10 of the Dungeon
 10391 | D:10     | Reached * piety under Vehumet
 10391 | D:10     | Offered knowledge of Freeze by Vehumet.
 10463 | D:10     | Learned a level 1 spell: Freeze
 10583 | D:10     | Found a hazy altar of Hepliaklqana.
 10670 | D:10     | Reached skill level 5 in Shields
 10799 | D:10     | Noticed a gargoyle
 10808 | D:10     | Killed a gargoyle
 10809 | D:10     | Reached skill level 10 in Spellcasting
 11094 | D:10     | Noticed a two-headed ogre
 11102 | D:10     | Killed a two-headed ogre
 11103 | D:10     | Reached skill level 1 in Ice Magic
 11313 | D:10     | Found a burning altar of Makhleb.
 11687 | D:11     | Noticed a cyclops
 11760 | D:12     | Noticed a boulder beetle
 11836 | D:11     | Killed a cyclops
 11924 | D:11     | Reached XP level 11. HP: 61/61 MP: 18/27
 11974 | D:11     | Noticed a brown ugly thing
 11982 | D:11     | Killed a brown ugly thing
 12068 | D:11     | Noticed a brown ugly thing
 12100 | D:10     | Killed a brown ugly thing
 12100 | D:10     | Offered knowledge of Momentum Strike by Vehumet.
 12106 | D:10     | Learned a level 2 spell: Momentum Strike
 12256 | D:11     | Reached ** piety under Vehumet
 12273 | D:11     | Offered knowledge of Poisonous Vapours by Vehumet.
 12274 | D:11     | Reached skill level 11 in Spellcasting
 12481 | D:11     | Engulfed by a cloud of flame

Illustrated notes

Levels and vault maps discovered:
D:1:      evilmike_arrival_hilbert_curve, layout_basic,
          chequers_ecumenical_altar_simple
D:2:      layout_basic, minivault_5
D:3:      layout_rooms, xom_butterflies, serial_shops, nicolae_shop_statue_plus,
          serial_aquarium, aquarium_bridge_island_small
          [aquarium_subvault_small_open, aquarium_subvault_bridge,
          aquarium_subvault_wall, aquarium_subvault_wall,
          aquarium_subvault_window], aquarium_bridge_long_joined
          [aquarium_subvault_bridge, aquarium_subvault_wall,
          aquarium_subvault_bridge, aquarium_subvault_bridge,
          aquarium_subvault_balcony, aquarium_subvault_window],
          aquarium_window_2, aquarium_window_1, aquarium_window_2,
          aquarium_view_2d, aquarium_view_2e, aquarium_balcony_1b, uniq_ijyb
D:4:      layout_rooms, zin_treasury, nicolae_wu_jian_immortal_techniques,
          portal_sewer_entry_e
D:5:      layout_loops_corners, uniq_pikel
D:6:      layout_cave_pools, jmf_multi_god_temple2,
          mainiacjoe_overflow_boulevard,
          mainiacjoe_overflow_concentric_impassable,
          eat_drink_and_be_merry_uskayaw, minivault_22
D:7:      layout_gridville, minmay_temple_entry_stoned_glass
D:8:      layout_basic, kennysheep_mini, mainiacjoe_overflow_tiny_flanked,
          serial_shops, nicolae_shop_overgrown_old_shop
D:9:      layout_rooms, uniq_erolcha
D:10:     layout_rooms, overflow_temple_1_default,
          mainiacjoe_overflow_surrounded_room, grunt_ministairs_10
D:11:     layout_roguey [special_room_bee], david_lair_shrubbed,
          zombieorc1_lemuel, uniq_lodul
D:12:     layout_irregular_city, minivault_26
Temple:   nicolae_temple_bog_church

Skill      XL: |  1  2  3  4  5  6  7  8  9 10 11 |
---------------+----------------------------------+-----
Stealth        | 3 4 5 |  5.0
Conjurations   | 2 3 4 6 7 8 |  8.0
Hexes          | 1 2 3 4 5 |  5.0
Spellcasting   | 4 5 6 7 9 10 11 | 11.1
Fire Magic     | 4 5 6 7 8 |  8.0
Shields        | 1 3 4 5 6 |  6.1
Fighting       | 2 4 |  4.8
Dodging        | 4 6 7 |  7.4
Ice Magic      | 2 3 |  3.7

Action                   |  1- 3 |  4- 6 |  7- 9 | 10-12 || total
-------------------------+-------+-------+-------+-------++-------
Melee: Dagger            |       |     9 |       |       ||     9
 Cast: Foxfire           |    65 |   109 |   153 |   100 ||   427
       Scorch            |     5 |    23 |    66 |    71 ||   165
       Inner Flame       |     1 |     1 |     6 |    20 ||    28
       Flame Wave        |       |     2 |     4 |     5 ||    11
       Hailstorm         |       |       |     3 |    10 ||    13
       Freeze            |       |       |       |     2 ||     2
       Momentum Strike   |       |       |       |     2 ||     2
Evoke: Piece from Xom's  |       |       |     1 |       ||     1
  Use: Scroll            |       |     2 |     8 |     3 ||    13
       Potion            |       |       |       |     4 ||     4
Armor: Robe              |     1 |     3 |     3 |     6 ||    13
Dodge: Dodged            |     1 |    11 |    23 |    41 ||    76
Block: Buckler           |       |       |    10 |    16 ||    26

Table legend: (Time is in decaauts)
 A = Elapsed time spent in this place.
 B = Non-inter-level travel time spent in this place.
 C = Inter-level travel time spent in this place.
 D = Time resting spent in this place.
 E = Time spent auto-exploring this place.
 F = Levels seen in this place.
 G = Mean time per level.
                   A        B        C        D        E       F      G
               +--------+--------+--------+--------+--------+-----+--------+
         Total |  12569 |  12261 |    308 |    778 |   9675 |  14 |  897.8 |
       Dungeon |  11780 |  11477 |    303 |    778 |   9014 |  12 |  981.7 |
        Temple |     12 |      7 |      5 |      0 |      0 |   1 |   12.0 |
         Sewer |    776 |    776 |      0 |      0 |    661 |   1 |  776.0 |
               +--------+--------+--------+--------+--------+-----+--------+

Top non-repeatable levels by time:
    D:10: 1370 daAuts
     D:5: 1262 daAuts
     D:2: 1256 daAuts
     D:6: 1226 daAuts
     D:1: 1151 daAuts
     D:3: 1033 daAuts
     D:8: 1015 daAuts
     D:4: 962 daAuts
     D:7: 944 daAuts
     D:9: 828 daAuts
   Sewer: 776 daAuts
    D:11: 623 daAuts
    D:12: 105 daAuts
  Temple: 12 daAuts
